AoeStats
← MOPPA BA (Hons)

Lombardia

509973916Analyzed
4v4 RM · 5d ago on Sep 28, 2026· 16m 21s· 8 players
Game mode
Random Map
Map size
Large (8 player)
Population
200
Speed
Normal
Resources
Standard
Victory
Conquest
Starting age
Dark Age
Ending age
Imperial Age
RankedLock teamsTeams togetherTeam positionsShared explorationLock speedFull tech treeHidden civsTurbo modeCheats
Victory
Defeat
🇬🇧 Cumans · United Kingdom
1525
+14
🇬🇧 Koreans · United Kingdom
1522
+14
🇬🇧 Celts · United Kingdom
1388
+19
🇬🇧 Slavs · United Kingdom
1354
+20
🇭🇺 Mongols · Hungary
1505
-18
🇧🇷 Spanish · Brazil
1500
-18
🇨🇳 Goths · China
1439
-16
🇵🇪 Cumans · Peru
1415
-15
DarkOrsted
5:36 Loom
9:01 Feudal Age
9:31 Double-Bit Axe
9:30 Man-at-Arms
Julio2
11:08 Feudal Age
15:18 Castle Age
13:04 Double-Bit Axe
14:52 Stone Mining
14:52 Gold Mining
DraveczB
8:44 Loom
10:42 Feudal Age
12:52 Double-Bit Axe
15:48 Castle Age
13:41 Horse Collar
16:02 Forging
16:16 Bloodlines
16:13 Scale Barding Armor
120057903
11:08 Feudal Age
11:50 Town Watch
15:22 Castle Age
14:22 Double-Bit Axe
16:06 Loom
JustRightCereal
5:32 Loom
5:52 Loom
9:31 Feudal Age
10:24 Double-Bit Axe
14:24 Horse Collar
Clink
6:43 Loom
9:44 Feudal Age
10:35 Double-Bit Axe
13:20 Fletching
MOPPA BA (Hons)
9:35 Feudal Age
9:07 Loom
10:58 Double-Bit Axe
mintbubblyo
9:23 Loom
11:09 Feudal Age
13:41 Man-at-Arms
14:27 Double-Bit Axe
14:24 Horse Collar
Connection lost

Rejoining the realm…

Still unreachable

The connection could not be restored.

Session expired

The server has moved on; the page needs a fresh start.